 Dungeon Crawl Stone Soup version 0.24-a0-619-gb7544fd (webtiles) character file.

Game seed: 3343663302760046661, levelgen mode: deterministic

23100 pichaelthompson the Nimble (level 12, -10/46 HPs)
             Began as a Spriggan Assassin on Sept 14, 2019.
             Was a Priest of Ashenzari.
             Mangled by a black mamba (20 damage)
             ... on level 1 of the Lair of Beasts on Sept 16, 2019.
             The game lasted 01:48:16 (27080 turns).

pichaelthompson the Nimble (Spriggan Assassin)     Turns: 27080, Time: 01:48:16

Health: -10/46     AC:  8    Str:  8    XL:     12   Next: 68%
Magic:  23/28      EV: 34    Int: 18    God:    Ashenzari [***...]
Gold:   271        SH:  3    Dex: 19    Spells: 27/33 levels left

rFire    . . .     SeeInvis +   l - +7 dagger (flame) (curse)
rCold    . . .     Gourm    .   (shield restricted)
rNeg     . . .     Faith    .   H - +2 robe {MR+}
rPois    .         Spirit   .   (helmet restricted)
rElec    .         Reflect  +   c - +2 cloak (curse)
rCorr    +         Harm     .   (gloves unavailable)
MR       +++..     Clarity  +   (boots unavailable)
Stlth    +++++.....             u - +3 amulet of reflection (curse)
HPRegen  0.15/turn              f - ring of the Octopus King {rCorr AC+1 EV+1 Str+1 Int+1 Dex+1} (curse)
MPRegen  0.21/turn              B - +4 ring of evasion (curse)

@: very slightly contaminated, very quick
A: very small, unfitting armour, see invisible, clarity, herbivore, speed 3,
frail 2, slow metabolism 2
a: Curse Item, Scrying, Renounce Religion


You were on level 1 of the Lair of Beasts.
You worshipped Ashenzari.
Ashenzari was most pleased with you.
You were very hungry.

You visited 4 branches of the dungeon, and saw 14 of its levels.
You also visited: Ossuary.

You collected 854 gold pieces.
You spent 583 gold pieces at shops.

Inventory:

Hand Weapons
 g - a +0 hunting sling
 l - a cursed +7 dagger of flaming (weapon)
 C - a +3 dagger
Missiles
 e - 2 curare-tipped darts (quivered)
 m - 137 stones
 q - 43 sling bullets
Armour
 b - a +0 troll leather armour
 c - a cursed +2 cloak (worn)
 H - a +2 robe of magic resistance (worn)
Jewellery
 f - a cursed ring of the Octopus King (left hand) {rCorr AC+1 EV+1 Str+1 Int+1 Dex+1}
   (You bought it in a shop on level 2 of the Orcish Mines)

   [ring of resist corrosion]

   It affects your AC (+1).
   It affects your evasion (+1).
   It affects your strength (+1).
   It affects your intelligence (+1).
   It affects your dexterity (+1).
   It provides partial protection from all sources of acid and corrosion.
   It has a curse placed upon it.
 u - a cursed +3 amulet of reflection (around neck)
 B - a cursed +4 ring of evasion (right hand)
Wands
 x - a wand of polymorph (8)
 y - a wand of acid (6)
 A - a wand of paralysis (3)
 E - a wand of disintegration (11)
Scrolls
 a - 3 scrolls of teleportation
 h - 3 scrolls of magic mapping
 j - a scroll of identify
 r - a scroll of noise {unknown}
 v - 3 scrolls of fear
 w - a scroll of fog {unknown}
 z - a scroll of enchant armour
Potions
 i - 6 potions of lignification
 k - 2 potions of resistance
 o - a potion of ambrosia
 s - 4 potions of haste
 t - 3 potions of agility
 G - a potion of flight


   Skills:
 + Level 4.6 Fighting
 + Level 7.2(10.2) Short Blades
 * Level 11.3(11.9) Slings
 + Level 5.2(8.1) Throwing
 * Level 11.6 Dodging
 * Level 10.1 Stealth
 * Level 11.0 Spellcasting
 * Level 5.2(8.1) Conjurations
 * Level 7.3(10.2) Poison Magic


You had 27 spell levels left.
You knew the following spells:

 Your Spells              Type           Power        Failure   Level  Hunger
a - Sting                 Conj/Pois      ####         1%          1    None
b - Venom Bolt            Conj/Pois      #####.....   4%          5    #####..

Your spell library contained the following spells:

 Spells                   Type           Power        Failure   Level  Hunger
 Poisonous Vapours        Pois/Air       ####..       1%          2    None
 Mephitic Cloud           Conj/Pois/Air  ####....     1%          3    None
 Olgreb's Toxic Radiance  Pois           #####...     1%          4    ##.....


Dungeon Overview and Level Annotations

Branches:
Dungeon (10/15)            Temple (1/1) D:7            Lair (1/6) D:9
    Orc (2/2) D:9             Elf (0/3) Orc:2       Ossuary (visited)

Altars:
Ashenzari
Cheibriados
Dithmenos
Elyvilon
Fedhas
Gozag
Hepliaklqana
Kikubaaqudgha
Makhleb
Nemelex Xobeh
Okawaru
Qazlal
Ru
Sif Muna
Trog
Uskayaw
Vehumet
Wu Jian
Xom
Yredelemnul
Zin
The Shining One
Beogh

Shops:
D:6 (   D:7 (   Orc:2 (*=[


Innate Abilities, Weirdness & Mutations

You are very small and have problems with some larger weapons.
You are too small for most types of armour.
You have supernaturally acute eyesight. (SInv)
You are a herbivore.
You cover ground extremely quickly.
You need to consume almost no food.
You possess an exceptional clarity of mind.
You are very frail. (-20% HP)


Message History

Confirm with . or Enter, or press ? or * to list all spells.
Aiming: Venom Bolt (safe; 4% risk of failure)
Press: ? - help, Shift-Dir - straight line, f/p - black mamba
Aim: a black mamba (lightly wounded)
You miscast Venom Bolt.
You are very lightly contaminated with residual magic.
You feel mildly nauseous.
You are feeling very hungry.
The black mamba bites you.
* * * LOW HITPOINT WARNING * * *
You are lethally poisoned!
The black mamba poisons you! The black mamba completely misses you.
* * * LOW HITPOINT WARNING * * *
You feel sick.
* * * LOW HITPOINT WARNING * * *
You feel sick.
* * * LOW HITPOINT WARNING * * *
You feel sick.
You feel better. The black mamba bites you!!
You die...

######)......##
, #......##* , *
##....## * , ,
#...#.# * *
##..### * * ,
#†## **,,
###.### * *
#...S.##
####..##S@##
#....####..###
##### ##..###
###..## #...##
####..##
##..#######....#
#.#..##
###...#.#.....#
###.÷###
#............
##...######
##...........
.#..###...##
#...........
..####.....###
#P.^........


You could see 2 black mambas.

Vanquished Creatures
  An orc warlord (Orc:2)
  Harold (D:9)
  A two-headed ogre (D:7)
  3 orc high priests
  Urug (Orc:2)
  2 orc knights (Orc:2)
  8 orc sorcerers
  2 komodo dragons (D:9)
  7 trolls
  2 hippogriffs
  Sigmund (D:3)
  A wraith (D:10)
  A spriggan (D:7)
  13 yaks
  Grum (D:9)
  3 hungry ghosts
  3 wargs (Orc:2)
  3 porcupines (Lair:1)
  2 water moccasins (Lair:1)
  4 ice beasts
  26 orc warriors
  2 necrophages
  2 sky beasts
  6 ogres
  5 wolves
  3 centaurs
  2 crocodiles
  2 elf zombies (Ossuary)
  4 bullfrogs
  A scorpion (D:9)
  A water moccasin skeleton (D:8)
  12 wights
  7 killer bees
  2 howler monkeys
  A crimson imp (D:8)
  3 centaur zombies
  A bullfrog zombie (D:9)
  4 hounds
  17 orc priests
  2 bullfrog skeletons
  26 orc wizards
  Jessica (D:3)
  2 iguanas
  5 worker ants
  A killer bee zombie (D:8)
  A big kobold zombie (Ossuary)
  A hound zombie (D:7)
  A human simulacrum (D:10)
  A hound skeleton (D:9)
  3 mummies
  Robin (D:2)
  4 gnolls (Orc:1)
  11 adders
  3 shadow imps
  An ooze (D:1)
  An adder skeleton (D:4)
  3 adder zombies
  3 worms
  A dart slug (D:3)
  4 leopard geckos
  64 orcs
  A ball python (D:4)
  4 giant cockroaches
  15 goblins
  8 hobgoblins
  15 jackals
  3 quokkas
  13 bats
  A frilled lizard (D:1)
  2 goblin zombies (Ossuary)
  9 hobgoblin zombies (Ossuary)
  A jackal zombie (Ossuary)
  4 kobolds
  10 kobold zombies (Ossuary)
  8 orc zombies (Ossuary)
  A quokka skeleton (D:7)
  6 rats
402 creatures vanquished.

Vanquished Creatures (others)
  6 plants (D:9)
6 creatures vanquished.

Grand Total: 408 creatures vanquished

Notes
Turn   | Place    | Note
-------+----------+-------------------------------------------
     0 | D:1      | pichaelthompson the Spriggan Assassin began the quest for
                  | the Orb.
     0 | D:1      | Reached XP level 1. HP: 10/10 MP: 2/2
   373 | D:1      | Reached XP level 2. HP: 14/14 MP: 3/3
   801 | D:1      | Reached skill level 1 in Spellcasting
  1192 | D:2      | Reached XP level 3. HP: 18/18 MP: 5/5
  1213 | D:2      | Reached skill level 1 in Slings
  1544 | D:2      | Reached XP level 4. HP: 23/23 MP: 7/7
  1800 | D:2      | Noticed Robin
  1812 | D:2      | Killed Robin
  2274 | D:2      | Reached XP level 5. HP: 26/26 MP: 8/8
  2653 | D:3      | Noticed Sigmund
  2686 | D:3      | Killed Sigmund
  2686 | D:3      | Reached XP level 6. HP: 30/30 MP: 10/10
  3160 | D:3      | Noticed Jessica
  3168 | D:3      | Killed Jessica
  3247 | D:3      | Found a blossoming altar of Fedhas.
  3257 | D:3      | Found a snail-covered altar of Cheibriados.
  3594 | D:4      | Noticed an ice beast
  3720 | D:4      | Found a glowing golden altar of the Shining One.
  4332 | D:4      | Killed an ice beast
  4332 | D:4      | Reached skill level 5 in Dodging
  4332 | D:4      | Reached XP level 7. HP: 29/35 MP: 12/12
  4893 | D:5      | Entered Level 5 of the Dungeon
  4913 | D:5      | Found an ancient bone altar of Kikubaaqudgha.
  5377 | D:5      | Found a sacrificial altar of Ru.
  6142 | D:6      | Found a sand-covered staircase.
  6151 | Ossuary  | Entered an ossuary
  6687 | Ossuary  | Gained mutation: You are frail. (-10% HP) [potion of
                  | mutation]
  6687 | Ossuary  | Gained mutation: You are very frail. (-20% HP) [potion of
                  | mutation]
  6687 | Ossuary  | Gained mutation: You possess an exceptional clarity of
                  | mind. [potion of mutation]
  7338 | D:6      | Reached skill level 5 in Slings
  7383 | D:6      | Found Teunnoap's Weapon Shoppe.
  7406 | D:6      | Reached XP level 8. HP: 31/31 MP: 14/14
  8621 | D:6      | Found a shadowy altar of Dithmenos.
  8935 | D:7      | Noticed a two-headed ogre
  9005 | D:7      | Found a staircase to the Ecumenical Temple.
  9117 | Temple   | Entered the Ecumenical Temple
  9265 | Temple   | Became a worshipper of Ashenzari the Shackled
  9375 | D:7      | Found Apnij's Antique Weapon Shop.
  9989 | D:7      | Killed a two-headed ogre
  9989 | D:7      | Reached skill level 5 in Spellcasting
  9989 | D:7      | Reached XP level 9. HP: 35/35 MP: 16/18
 10133 | D:7      | Found a shimmering altar of Xom.
 10152 | D:7      | Reached skill level 5 in Short Blades
 10174 | D:7      | Found a shimmering blue altar of Sif Muna.
 10176 | D:7      | Found a stormy altar of Qazlal.
 10225 | D:7      | Learned a level 1 spell: Sting
 10393 | D:8      | Reached * piety under Ashenzari
 10653 | D:8      | Upgraded the game from 0.24-a0-616-ge2a249a to
                  | 0.24-a0-619-gb7544fd
 11223 | D:8      | Reached skill level 1 in Poison Magic
 11412 | D:8      | Reached skill level 1 in Conjurations
 11866 | D:8      | Found a burning altar of Makhleb.
 12073 | D:9      | Reached XP level 10. HP: 35/39 MP: 20/20
 12918 | D:9      | Reached ** piety under Ashenzari
 13101 | D:9      | Noticed Grum
 13370 | D:9      | Killed Grum
 13977 | D:9      | Found a staircase to the Lair.
 14837 | D:9      | Found a staircase to the Orcish Mines.
 14911 | D:9      | Reached skill level 10 in Slings
 14940 | D:9      | Noticed Harold
 14982 | D:9      | Killed Harold
 15321 | D:10     | Entered Level 10 of the Dungeon
 16065 | D:9      | Reached XP level 11. HP: 42/42 MP: 14/23
 16847 | Lair:1   | Entered Level 1 of the Lair of Beasts
 17064 | Orc:1    | Entered Level 1 of the Orcish Mines
 17064 | Orc:1    | Found a radiant altar of Vehumet.
 17146 | Orc:1    | Noticed an orc sorcerer
 17296 | D:9      | Killed an orc sorcerer
 17322 | Orc:1    | Noticed an orc sorcerer
 17330 | Orc:1    | Killed an orc sorcerer
 17330 | Orc:1    | Reached skill level 10 in Dodging
 17508 | Orc:1    | Noticed an orc high priest
 17652 | D:8      | Reached skill level 5 in Poison Magic
 17967 | D:9      | Learned a level 5 spell: Venom Bolt
 18276 | Orc:1    | Killed an orc high priest
 18871 | Orc:2    | Entered Level 2 of the Orcish Mines
 18875 | Orc:2    | Noticed an orc sorcerer
 18925 | Orc:2    | HP: 1/42 [orc sorcerer/bolt of negative energy (27)]
 19269 | Orc:1    | Killed an orc sorcerer
 19705 | Orc:2    | Noticed an orc sorcerer
 19705 | Orc:2    | Noticed an orc high priest
 19726 | Orc:2    | Killed an orc sorcerer
 19735 | Orc:2    | Noticed an orc sorcerer
 19909 | Orc:2    | Killed an orc sorcerer
 19931 | Orc:2    | Noticed a soul eater
 19938 | Orc:2    | HP: 2/43 [orc high priest/divine providence (11)]
 20670 | Orc:2    | Killed an orc high priest
 20850 | Orc:2    | Noticed Urug
 20851 | Orc:2    | Noticed an orc knight
 20875 | Orc:2    | Killed an orc knight
 21159 | Orc:2    | Noticed an orc sorcerer
 21229 | Orc:2    | Killed an orc sorcerer
 21229 | Orc:2    | Reached skill level 10 in Spellcasting
 21400 | Orc:2    | Noticed an orc sorcerer
 21733 | Orc:2    | Noticed a soul eater
 21739 | Orc:2    | Killed an orc sorcerer
 22130 | Orc:2    | Noticed an orc warlord
 22189 | Orc:2    | Reached XP level 12. HP: 35/46 MP: 18/27
 23244 | Orc:2    | Noticed an orc high priest
 23266 | Orc:2    | Killed an orc high priest
 23710 | Orc:2    | Found a roughly hewn altar of Beogh.
 23797 | Orc:2    | Killed Urug
 24191 | Orc:2    | Reached skill level 5 in Throwing
 24252 | Orc:2    | Killed an orc warlord
 24509 | Orc:2    | Reached skill level 5 in Conjurations
 24673 | Orc:2    | Found Pemp's Antique Armour Shoppe.
 25177 | Orc:2    | Found Nauru's General Store.
 25243 | Orc:2    | Found Lot Vaekk's Antique Weapon Shoppe.
 25277 | Orc:2    | Found Unlurof's Jewellery Shoppe.
 25460 | Orc:2    | Bought a ring of the Octopus King {rCorr AC+1 EV+1 Str+1
                  | Int+1 Dex+1} for 583 gold pieces
 25460 | Orc:2    | Found the ring of the Octopus King {rCorr AC+1 EV+1 Str+1
                  | Int+1 Dex+1}
 25521 | Orc:2    | Found a staircase to the Elven Halls.
 25548 | Orc:2    | Reached *** piety under Ashenzari
 26064 | D:9      | Reached skill level 10 in Stealth
 27078 | Lair:1   | HP: 2/46 [poisoned by a black mamba]
 27080 | Lair:1   | Mangled by a black mamba

Levels and vault maps discovered:
D:1:      dpeg_arrival_arbitrary_b, layout_basic
D:2:      mumra_celtic_spiral_tile, layout_rooms, kennysheep_generic_room_10,
          uniq_robin
D:3:      cheibrodos_old_hovel, layout_loops_corners, kennysheep_slug_shrine,
          lemuel_doored_altar, uniq_jessica, uniq_sigmund
D:4:      layout_basic, old_standard_altar, first_ration
D:5:      layout_layer_cave, kiku_gazebo_pond_becter, overflow_temple_1_default
D:6:      layout_basic, old_standard_altar, nicolae_ossuary_entry_monument,
          serial_shops, shop
D:7:      layout_basic, nicolae_overflow_hidden_temple, temple_pool_b,
          serial_shops, shop, basic_altar, nrook_mini_vaults, the_bakery
D:8:      layout_loops_corners, makhleb_grotto_becter
D:9:      layout_grid_maze, david_lair_shrubbed, orc_0_dummy, serial_undead,
          serial_undead_f, serial_undead_d, serial_undead_c, serial_undead_a,
          uniq_harold, uniq_grum
D:10:     layout_loops_ring, bh_circular_ruins
Temple:   nicolae_temple_figure_eight
Lair:1:   layout_cave_pods, beast_lair_carwin_1, uniq_joseph
Orc:1:    layout_diamond_mine, basic_altar
Orc:2:    grunt_orc_cross, layout_caves

Skill      XL: |  1  2  3  4  5  6  7  8  9 10 11 12 |
---------------+-------------------------------------+-----
Stealth        | 6 7 8 9 10 | 10.1
Dodging        | 2 3 4 5 6 7 8 9 10 11 | 11.6
Spellcasting   | 1 2 3 5 6 7 10 11 | 11.0
Slings         | 1 2 3 5 8 9 10 11 | 11.3
Short Blades   | 3 4 5 6 7 |  7.2
Throwing       | 3 4 5 |  5.2
Fighting       | 2 3 4 |  4.6
Poison Magic   | 2 4 6 7 |  7.3
Conjurations   | 1 3 4 5 |  5.2

Action                   |  1- 3 |  4- 6 |  7- 9 | 10-12 || total
-------------------------+-------+-------+-------+-------++-------
Melee: Dagger            |    77 |   181 |   471 |   879 ||  1608
       Rapier            |       |       |     1 |       ||     1
 Fire: Hunting sling     |       |    38 |   117 |       ||   155
Throw: Dart              |    19 |    37 |    29 |    61 ||   146
       Stone             |       |    16 |    45 |       ||    61
 Cast: Sting             |       |       |    25 |   495 ||   520
       Venom Bolt        |       |       |       |    33 ||    33
Invok: Curse Item        |       |       |     4 |     3 ||     7
Evoke: Wand              |       |       |     1 |       ||     1
  Use: Scroll            |       |       |    16 |     7 ||    23
       Potion            |       |       |     8 |     1 ||     9
 Stab: Sleeping          |     7 |    11 |     9 |     5 ||    32
       Distracted        |       |     2 |     1 |       ||     3
  Eat: Ration            |       |       |     5 |    14 ||    19
Armor: Robe              |     5 |    19 |    33 |    23 ||    80
Dodge: Dodged            |    46 |   131 |   466 |   684 ||  1327
Block: Other             |       |     4 |    51 |    87 ||   142
       Reflection        |       |       |     2 |     9 ||    11

Table legend:
 A = Non-vault XP
 B = Vault XP
 C = Vault XP percentage of total XP
 D = Non-vault monster count
 E = Vault monster count
 F = Vault count percentage of total count
                 A         B        C        D         E       F
            +---------+---------+-------+---------+---------+-------
      Total |   20450 |   12550 |  38.0 |     297 |     105 |  26.1
            +---------+---------+-------+---------+---------+-------
        D:1 |      39 |       0 |   0.0 |      21 |       0 |   0.0
        D:2 |     158 |      32 |  16.8 |      28 |      11 |  28.2
        D:3 |      32 |     262 |  89.1 |      12 |       4 |  25.0
        D:4 |     310 |       0 |   0.0 |       8 |       0 |   0.0
        D:5 |      13 |       0 |   0.0 |       1 |       0 |   0.0
        D:6 |     935 |       0 |   0.0 |      23 |       0 |   0.0
        D:7 |    1452 |     215 |  12.9 |      15 |       1 |   6.2
        D:8 |    1694 |      50 |   2.9 |      32 |       1 |   3.0
        D:9 |    5404 |    1957 |  26.6 |      61 |       9 |  12.9
       D:10 |    1014 |      22 |   2.1 |      13 |       1 |   7.1
     Lair:1 |    2422 |     286 |  10.6 |      15 |       2 |  11.8
      Orc:1 |    3570 |       0 |   0.0 |      26 |       0 |   0.0
      Orc:2 |    3407 |    9359 |  73.3 |      42 |      38 |  47.5
    Ossuary |       0 |     367 | 100.0 |       0 |      38 | 100.0
            +---------+---------+-------+---------+---------+-------
